 Dungeon Crawl Stone Soup version 0.28-a0-407-g69098e2f6d (webtiles) character file.

Game seed: 1433776151589339634

237817 ytrimaz the Executioner (level 18, -28/178 HPs)
             Began as a Minotaur Berserker on Sept 5, 2021.
             Was a High Priest of Trog.
             Annihilated by a caustic shrike simulacrum (42 damage)
             ... in an ice cave.
             The game lasted 01:25:33 (35628 turns).

ytrimaz the Executioner (Minotaur Berserker)       Turns: 35628, Time: 01:25:33

Health: -28/178    AC: 35    Str: 39    XL:     18   Next: 97%
Magic:  8/17       EV: 11    Int:  4    God:    Trog [*****.]
Gold:   2637       SH:  0    Dex: 13    Spells: 17/17 levels left

rFire   . . .      SeeInvis .   j - +6 executioner's axe "Nomnyvik" {flame, Str+4}
rCold   . . .      Faith    .   (shield currently unavailable)
rNeg    + + +      Spirit   .   R - +7 plate armour {rPois}
rPois   +          Reflect  .   (helmet restricted)
rElec   +          Harm     .   G - +0 cloak
rCorr   +          Rampage  .   N - +0 pair of gloves of Time Monsters {rN++ Str+3 Stlth-}
Will    ++++.                   K - +2 pair of boots
Stlth   ..........              o - amulet of regeneration
HPRegen 2.39/turn               V - ring "Ceutuob" {Contam rElec rN+ rCorr Str+5}
MPRegen 0.15/turn               l - ring of willpower

@: strong-willed, regenerating, studying Evocations
A: horns 2, retaliatory headbutt
}: 1/15 runes: gossamer
a: Renounce Religion, Berserk, Trog's Hand, Brothers in Arms


You were in an ice cave.
You worshipped Trog.
Trog was extremely pleased with you.
You visited 7 branches of the dungeon, and saw 31 of its levels.
You also visited: Gauntlet, Ice Cave and Volcano.

You collected 3393 gold pieces.
You spent 756 gold pieces at shops.

Inventory:

Hand Weapons
 a - the +7 hand axe of Cataclysm {vorpal, rPois}
   (You took it off a deep elf annihilator on level 3 of the Elven Halls)

   It inflicts extra damage upon your enemies.
   rPois:     It protects you from poison.
 j - the +6 executioner's axe "Nomnyvik" (weapon) {flame, Str+4}
   (Trog gifted it to you on level 6 of the Lair of Beasts)

   It burns those it strikes, dealing additional fire damage.
   Big, fiery blades are also staple armaments of hydra-hunters.
   Str:       It affects your strength (+4).
 v - a +6 broad axe of freezing
 H - the +8 battleaxe "Arupp" {vorpal, *Rage +Rage Dex+4 SInv}
   (Trog gifted it to you on level 10 of the Dungeon)

   It inflicts extra damage upon your enemies.
   Dex:       It affects your dexterity (+4).
   SInv:      It lets you see invisible.
   +Rage:     It lets you go berserk.
   *Rage:     It may make you go berserk in combat.
 M - the +6 battleaxe of Disaster {vorpal, rN+ Will+}
   (You acquired it on level 12 of the Dungeon)

   It inflicts extra damage upon your enemies.
   rN:        It protects you from negative energy.
   Will:      It increases your willpower.
 P - a +3 war axe of flaming
Missiles
 X - a throwing net (quivered)
Armour
 p - +0 fire dragon scales
 G - a +0 cloak (worn)
 K - a +2 pair of boots (worn)
 N - the +0 pair of gloves of Time Monsters (worn) {rN++ Str+3 Stlth-}
   (You acquired it on level 1 of the Shoals)

   Str:       It affects your strength (+3).
   rN:        It greatly protects you from negative energy.
   Stlth:     It makes you less stealthy.
 R - a +7 plate armour of poison resistance (worn)
 S - the -1 pair of gloves of Good Intentions {+Blink +Inv Int+4}
   (You found it in a Gauntlet)

   Int:       It affects your intelligence (+4).
   +Inv:      It lets you turn invisible.
   +Blink:    It lets you blink.
Jewellery
 l - a ring of willpower (right hand)
 n - a +4 ring of protection
 o - an amulet of regeneration (around neck)
 s - a +6 ring of intelligence
 w - a ring of fire
 x - a ring of protection from cold
 J - a ring of protection from cold
 U - an amulet of the acrobat
 V - the ring "Ceutuob" (left hand) {Contam rElec rN+ rCorr Str+5}
   (You took it off a deep elf high priest on level 3 of the Elven Halls)

   [ring of resist corrosion]

   Str:       It affects your strength (+5).
   rElec:     It insulates you from electricity.
   rN:        It protects you from negative energy.
   Contam:    It causes magical contamination when unequipped.
   rCorr:     It protects you from acid and corrosion.
 Y - a ring of willpower
Wands
 b - a wand of flame (15)
 f - a wand of mindburst (16)
 k - a wand of digging (6)
 u - a wand of polymorph (7)
 y - a wand of paralysis (5)
 O - a wand of charming (17)
Scrolls
 d - 4 scrolls of enchant weapon
 e - 14 scrolls of teleportation
 m - 7 scrolls of fog
 q - a scroll of silence
 r - 26 scrolls of identify
 C - 4 scrolls of fear
 D - 6 scrolls of noise
 E - 2 scrolls of blinking
Potions
 c - 5 potions of invisibility
 h - 3 potions of resistance
 i - 7 potions of mutation
 t - 4 potions of lignification
 z - 7 potions of flight
 A - 3 potions of attraction
 B - a potion of magic
 I - 10 potions of ambrosia
 L - 6 potions of curing
 T - 6 potions of might
 W - 2 potions of cancellation
Miscellaneous
 g - a piece from Xom's chessboard (15/15)
 Q - a condenser vane


   Skills:
 + Level 19.7 Fighting
 + Level 24.2 Axes
 * Level 23.4 Armour
 - Level 4.5 Dodging


You had 17 spell levels left.
You didn't know any spells.
Your spell library was empty.

Dungeon Overview and Level Annotations

Branches:
Dungeon (12/15)            Temple (1/1) D:6            Lair (6/6) D:11
 Shoals (3/4) Lair:4       Spider (4/4) Lair:3        Slime (0/5) Lair:6
    Orc (2/2) D:11            Elf (3/3) Orc:2         IceCv (1/1)
Volcano (visited)         Gauntlet (visited)

Altars:
Ashenzari
Cheibriados
Dithmenos
Elyvilon
Fedhas
Gozag
Hepliaklqana
Kikubaaqudgha
Makhleb
Nemelex Xobeh
Okawaru
Qazlal
Ru
Sif Muna
Trog
Uskayaw
Vehumet
Wu Jian
Xom
Yredelemnul
Zin
The Shining One
Beogh
Jiyva

Shops:
D:6 *   D:10 ?   D:12 :   Orc:2 ?!:*   Elf:1 ?   Elf:2 *   Elf:3 (


Innate Abilities, Weirdness & Mutations

You have a pair of horns on your head.
You reflexively headbutt those who attack you in melee.


Message History

Your headbutt misses the white very ugly thing.
The white very ugly thing is severely wounded.
The white very ugly thing stings you!
The white very ugly thing freezes you!!!
Unknown command.
You slice the white very ugly thing!! You burn the white very ugly thing.
You headbutt the white very ugly thing, but do no damage.
The white very ugly thing is almost dead.
The white very ugly thing stings you but does no damage.
You slash the white very ugly thing! You burn the white very ugly thing.
The white very ugly thing is almost dead.
The white very ugly thing stings you but does no damage.
Unknown command.
You hit the white very ugly thing. You burn the white very ugly thing.
Your headbutt misses the white very ugly thing.
The white very ugly thing is almost dead.
The white very ugly thing closely misses you.
You furiously retaliate!
You headbutt the white very ugly thing!
You kill the white very ugly thing!
Trog accepts your kill.
Found seven items.
The caustic shrike simulacrum claws you but does no damage.
The freezing wraith hits you. The freezing wraith freezes you!
The freezing wraith closely misses you.
The caustic shrike simulacrum claws you but does no damage.
The golden dragon simulacrum bites you!
The golden dragon simulacrum freezes you!!!
* * * LOW HITPOINT WARNING * * *
The golden dragon simulacrum closely misses you. x2
You carve the freezing wraith like a ham!!!
You burn the freezing wraith.
You destroy the freezing wraith!
Trog accepts your kill.
You slash the caustic shrike simulacrum!
You melt the caustic shrike simulacrum.
You barely miss the golden dragon simulacrum.
The caustic shrike simulacrum claws you!
* * * LOW HITPOINT WARNING * * *
The caustic shrike simulacrum freezes you!!!
You die...

############# #####
##..(?[#.....## #..$?)
##.....|#......###.....[
#.......#.......#Z.....$
................@......=
#.......#.......#Z.....(
##.....(#......###.....!
##....[#.....## #..[$)
############# #####


You could see a golden dragon simulacrum and a caustic shrike simulacrum.

Vanquished Creatures
  Arachne (Spider:4)
  2 deep elf blademasters
  5 krakens
  Agnes (Elf:1)
  7 deep elf sorcerers
  8 ghost moths
  8 emperor scorpions
  4 deep elf elementalists (Elf:3)
  3 very ugly things
  4 deep elf demonologists (Elf:3)
  A minotaur (Gauntlet)
  7 deep elf annihilators (Elf:3)
  3 entropy weavers
  4 spark wasps
  5 deep elf high priests (Elf:3)
  A fire dragon (Lair:6)
  2 merfolk impalers
  5 deep elf death magi
  Harold (D:9)
  4 boulder beetles
  Erolcha (D:12)
  A caustic shrike simulacrum (IceCv)
  4 hydras
  Erica (D:8)
  2 merfolk avatars
  A centaur warrior (D:8)
  2 merfolk aquamancers (Shoals:2)
  A catoblepas (Gauntlet)
  2 two-headed ogres
  26 dancing weapons
  An alligator snapping turtle (shapeshifter) (Elf:1)
  12 deep elf knights
  A swamp dragon (Lair:6)
  7 sea snakes
  9 deep elf archers
  2 orange crystal statues (IceCv)
  3 lindwurms
  3 orc knights (Orc:2)
  The ghost of willcat the Covert, a novice DEDe of Gozag (D:8)
  23 deep elf zephyrmancers
  36 wolf spiders
  20 deep elf pyromancers
  4 harpies
  4 cyclopes
  18 orb spiders
  8 fauns
  An orc sorcerer (Orc:1)
  7 ugly things (Shoals:3)
  6 manticores
  6 moths of wrath
  A merfolk siren (Shoals:1)
  3 elephants (Lair:6)
  3 water nymphs
  2 black mambas
  4 molten gargoyles
  2 guardian serpents (D:12)
  2 torpor snails
  A black mamba (shapeshifter) (Elf:2)
  8 cane toads
  A smoke demon (Gauntlet)
  2 gargoyles (Gauntlet)
  7 rime drakes
  An unseen horror (D:7)
  12 demonic crawlers
  Maggie (D:10)
  11 komodo dragons
  5 freezing wraiths (IceCv)
  5 trolls
  3 efreet (Volcano)
  17 merfolk
  7 meliai
  A queen bee (D:12)
  4 wind drakes
  15 jumping spiders
  2 polar bears
  7 hornets
  20 blink frogs
  10 dream sheep
  A meliai zombie (D:11)
  4 snapping turtles
  46 redbacks
  47 yaks
  Sigmund (D:2)
  22 tarantellas
  6 water elementals
  3 fire bats (Lair:4)
  2 wraiths
  6 wyverns
  2 shadows
  5 fire elementals
  4 basilisks
  2 steam dragons
  4 harpy simulacra (IceCv)
  4 wargs
  3 acid dragons
  2 hell hounds (Lair:4)
  A hydra simulacrum (IceCv)
  14 water moccasins
  28 orc warriors
  2 black bears
  A necrophage (D:3)
  2 small abominations (Gauntlet)
  3 wolves (Lair:1)
  12 ogres
  16 centaurs
  A phantom (D:5)
  9 kobold brigands
  2 wyvern zombies
  5 earth elementals
  11 bullfrogs
  A scorpion (D:5)
  A gnoll sergeant (D:8)
  16 killer bees
  2 lindwurm simulacra (IceCv)
  4 howler monkeys
  2 vampire bats (D:12)
  3 wights (D:9)
  6 electric eels
  A lava snake (Lair:4)
  4 crimson imps (Gauntlet)
  5 centaur zombies
  2 hounds (D:5)
  2 bullfrog skeletons
  20 orc priests
  A gnoll shaman (D:9)
  2 centaur skeletons
  8 iguanas
  17 orc wizards
  2 howler monkey zombies
  16 gnolls
  4 adders
  A shadow imp (D:6)
  A white imp (D:6)
  2 ufetubi
  A worm (D:2)
  4 dart slugs
  63 orcs
  12 ball pythons
  11 endoplasms
  3 giant cockroaches
  4 hobgoblins
  4 jackals (D:2)
  5 quokkas
  16 bats
  8 frilled lizards
  6 goblins
  13 kobolds
  5 rats
  A plant (Shoals:1)
  16 tentacles
1012 creatures vanquished.

Vanquished Creatures (collateral kills)
  A deep elf master archer (Elf:3)
  The ghost of Cheivey the Blocker, a journeyman MiFi of Qazlal (Lair:6)
  A hydra (D:11)
  A deep elf knight (Elf:2)
  A wretched star (Gauntlet)
  A deep elf archer (Elf:1)
  5 deep elf pyromancers
  3 deep elf zephyrmancers (Elf:1)
  An anaconda simulacrum (IceCv)
  A queen bee (Lair:6)
  A troll (D:11)
  A dire elephant simulacrum (IceCv)
  A yak (D:11)
  An orc warrior (Orc:2)
  An alligator simulacrum (IceCv)
  An ogre (Orc:2)
  A centaur (Orc:2)
  2 lindwurm simulacra (IceCv)
  A killer bee (Lair:6)
  An orc priest (Orc:2)
27 creatures vanquished.

Vanquished Creatures (others)
  A jumping spider (Spider:1)
  A human (D:4)
  A demonic plant (Gauntlet)
  23 fungi
  62 plants
  28 tentacles
116 creatures vanquished.

Grand Total: 1155 creatures vanquished

Notes
Turn   | Place    | Note
-------+----------+-------------------------------------------
     0 | D:1      | ytrimaz the Minotaur Berserker began the quest for the Orb.
     0 | D:1      | Reached XP level 1. HP: 19/19 MP: 0/0
   302 | D:1      | Reached skill level 4 in Axes
   302 | D:1      | Reached XP level 2. HP: 20/27 MP: 1/1
   849 | D:2      | Reached XP level 3. HP: 23/34 MP: 2/2
  1488 | D:2      | Found a faded altar of an unknown god.
  1489 | D:2      | Noticed Sigmund
  1498 | D:2      | Killed Sigmund
  1498 | D:2      | Reached ** piety under Trog
  1499 | D:2      | Reached skill level 5 in Fighting
  1499 | D:2      | Reached skill level 5 in Axes
  1499 | D:2      | Reached XP level 4. HP: 42/42 MP: 3/3
  1499 | D:2      | Reached XP level 5. HP: 48/48 MP: 4/4
  2467 | D:3      | Reached skill level 6 in Axes
  2467 | D:3      | Reached XP level 6. HP: 37/57 MP: 5/5
  2641 | D:3      | Found a broken altar of Ashenzari.
  2925 | D:3      | Found a sparkling altar of Nemelex Xobeh.
  3070 | D:3      | Reached skill level 7 in Axes
  3181 | D:3      | You fall into a shaft and drop 3 floors!
  3182 | D:6      | Reached *** piety under Trog
  3185 | D:6      | Noticed an orc warrior
  3193 | D:6      | Killed an orc warrior
  3194 | D:6      | Reached XP level 7. HP: 64/64 MP: 6/6
  3259 | D:5      | Entered Level 5 of the Dungeon
  3620 | D:5      | Reached skill level 8 in Axes
  3793 | D:5      | Reached skill level 9 in Axes
  3793 | D:5      | Reached XP level 8. HP: 52/73 MP: 7/7
  4090 | D:5      | Reached skill level 5 in Armour
  4498 | D:4      | Found an ancient bone altar of Kikubaaqudgha.
  4569 | D:4      | Identified the +10 dagger of Makhleb's Condemnation
                  | {freeze, Dex+2}
  4786 | D:4      | Reached skill level 10 in Axes
  5569 | D:6      | Found a white marble altar of Elyvilon.
  5794 | D:6      | Reached XP level 9. HP: 81/81 MP: 8/8
  5941 | D:6      | Found Hojuudyi's Assorted Antiques.
  5944 | D:6      | Bought a scroll of identify for 62 gold pieces
  5944 | D:6      | Bought a cyan potion for 27 gold pieces
  5944 | D:6      | Bought a sedimented amethyst potion for 27 gold pieces
  5997 | D:6      | Found a staircase to the Ecumenical Temple.
  6014 | D:6      | Found a glowing silver altar of Zin.
  6014 | D:6      | Noticed an angel
  6074 | D:6      | Reached skill level 13 in Axes
  6074 | D:6      | Reached XP level 10. HP: 99/99 MP: 9/9
  6111 | Temple   | Entered the Ecumenical Temple
  6286 | D:7      | Reached **** piety under Trog
  6287 | D:7      | Reached skill level 14 in Axes
  7479 | D:8      | Found a runed translucent gate.
  7577 | D:8      | Noticed Erica
  7600 | D:8      | Killed Erica
  7756 | D:8      | Noticed a centaur warrior
  7769 | D:8      | Killed a centaur warrior
  8130 | D:8      | Found a runed translucent gate.
  8130 | D:8      | Found a runed translucent gate.
  8131 | D:8      | Noticed willcat's ghost (novice DEDe)
  8211 | D:8      | Found a shimmering blue altar of Sif Muna.
  8211 | D:8      | Found a shimmering altar of Xom.
  8363 | D:8      | Killed willcat's ghost
  8447 | D:9      | Reached XP level 11. HP: 93/107 MP: 10/10
  8499 | D:9      | Noticed Harold
  8507 | D:9      | Reached ***** piety under Trog
  8510 | D:9      | Killed Harold
  9036 | D:9      | Noticed a two-headed ogre
  9050 | D:9      | Killed a two-headed ogre
  9051 | D:9      | Reached skill level 15 in Axes
  9195 | D:9      | Found a bloodstained altar of Trog.
  9472 | D:10     | Entered Level 10 of the Dungeon
  9472 | D:10     | Found Touff's Magic Scroll Shop.
  9478 | D:10     | Bought a scroll of fear for 35 gold pieces
  9478 | D:10     | Bought a scroll of noise for 10 gold pieces
  9478 | D:10     | Bought 3 scrolls of blinking for 225 gold pieces
  9540 | D:10     | Noticed Maggie
  9550 | D:10     | Killed Maggie
  9873 | D:10     | Identified the +8 battleaxe "Arupp" {vorpal, *Rage +Rage
                  | Dex+4 SInv} (Trog gifted it to you on level 10 of the
                  | Dungeon)
  9873 | D:10     | Received a gift from Trog
 10319 | D:11     | Found a staircase to the Orcish Mines.
 10348 | D:11     | Found a staircase to the Lair.
 10724 | D:11     | Noticed a five-headed hydra
 10725 | D:11     | Noticed a boulder beetle
 10739 | D:11     | Killed a five-headed hydra
 10747 | D:11     | Killed a boulder beetle
 10748 | D:11     | Reached XP level 12. HP: 111/118 MP: 11/11
 10926 | D:11     | Reached skill level 15 in Fighting
 11205 | D:12     | Reached skill level 16 in Axes
 11206 | D:12     | Noticed Erolcha
 11225 | D:12     | Killed Erolcha
 11231 | D:12     | Found Rile's Book Shoppe.
 11255 | D:12     | Reached skill level 10 in Armour
 11537 | D:12     | Noticed a boulder beetle
 11546 | D:12     | Killed a boulder beetle
 11652 | D:12     | Identified a scroll of acquirement
 11652 | D:12     | Acquired the +6 battleaxe of Disaster {vorpal, rN+ Will+}
 11820 | D:12     | Noticed a boulder beetle
 11832 | D:12     | Killed a boulder beetle
 11833 | D:12     | Reached skill level 17 in Axes
 11868 | D:12     | Noticed a two-headed ogre
 11875 | D:12     | Killed a two-headed ogre
 11956 | D:12     | Found a hazy altar of Hepliaklqana.
 12161 | D:11     | Found a staircase to the Orcish Mines.
 12171 | Orc:1    | Entered Level 1 of the Orcish Mines
 12259 | Orc:2    | Entered Level 2 of the Orcish Mines
 12269 | Orc:2    | Received a gift from Trog
 12294 | Orc:2    | Found a gate leading to a gauntlet.
 12308 | Gauntlet | Entered a Gauntlet
 12308 | Gauntlet | Found a transporter.
 12311 | Gauntlet | Noticed a catoblepas
 12325 | Gauntlet | Found a transporter.
 12327 | Gauntlet | Found a transporter.
 12343 | Gauntlet | Found a transporter.
 12346 | Gauntlet | Found a transporter.
 12352 | Gauntlet | Found a runed translucent gate.
 12352 | Gauntlet | Found a runed translucent gate.
 12352 | Gauntlet | Found a runed translucent gate.
 12353 | Gauntlet | Noticed a great orb of eyes
 12355 | Gauntlet | Found a transporter.
 12369 | Gauntlet | Noticed an entropy weaver
 12371 | Gauntlet | Found a transporter.
 12382 | Gauntlet | Found a transporter.
 12393 | Gauntlet | Found a transporter.
 12407 | Gauntlet | Found a transporter.
 12407 | Gauntlet | Found a transporter.
 12435 | Gauntlet | Found a transporter.
 12435 | Gauntlet | Found a transporter.
 12485 | Gauntlet | Found a transporter.
 12672 | Gauntlet | Killed a catoblepas
 12886 | Gauntlet | Identified the -1 pair of gloves of Good Intentions {+Blink
                  | +Inv Int+4}
 12937 | Gauntlet | Noticed a minotaur
 12951 | Gauntlet | Killed a minotaur
 12977 | Gauntlet | Identified the +5 spear of Foolhardiness {freeze, +Rage
                  | Will+ Int+5}
 13064 | Orc:2    | Reached XP level 13. HP: 126/126 MP: 12/12
 13201 | Orc:2    | Found a staircase to the Elven Halls.
 13224 | Orc:2    | Reached skill level 18 in Axes
 13659 | Orc:2    | Found Inaur's Distillery.
 13659 | Orc:2    | Found Jickapuxt's Book Boutique.
 13661 | Orc:2    | Found Afavur's General Store.
 13662 | Orc:2    | Found Acvagiuj's Magic Scroll Emporium.
 13671 | Orc:2    | Bought a potion of might for 64 gold pieces
 13673 | Orc:2    | Bought a scroll of enchant armour for 82 gold pieces
 13673 | Orc:2    | Bought a scroll of holy word for 82 gold pieces
 14118 | Orc:1    | Received a gift from Trog
 14707 | D:11     | Found a staircase to the Lair.
 15072 | Lair:1   | Entered Level 1 of the Lair of Beasts
 16152 | Lair:2   | Reached skill level 19 in Axes
 16642 | Lair:3   | Found a shimmering blue altar of Sif Muna.
 17589 | Lair:3   | Reached XP level 14. HP: 132/135 MP: 13/13
 17760 | Lair:3   | Found a hole to the Spider Nest.
 18106 | Lair:4   | Found a staircase to the Shoals.
 18167 | Lair:4   | Found a dark tunnel.
 18169 | Lair:4   | Received a gift from Trog
 18182 | Volcano  | Entered a volcano
 19593 | Lair:5   | Reached skill level 20 in Axes
 20013 | Lair:5   | Reached skill level 15 in Armour
 20093 | Lair:6   | Entered Level 6 of the Lair of Beasts
 20139 | Lair:6   | Found a shimmering altar of Xom.
 20431 | Lair:6   | Noticed Cheivey's ghost (journeyman MiFi)
 20456 | Lair:6   | Found a viscous altar of Jiyva.
 20456 | Lair:6   | Found a staircase to the Slime Pits.
 20457 | Lair:6   | Found a transporter.
 20461 | Lair:6   | Found a transporter.
 20479 | Lair:6   | Killed Cheivey's ghost
 20873 | Lair:6   | Identified the +6 executioner's axe "Nomnyvik" {flame,
                  | Str+4} (Trog gifted it to you on level 6 of the Lair of
                  | Beasts)
 20873 | Lair:6   | Received a gift from Trog
 21375 | Spider:1 | Entered Level 1 of the Spider Nest
 21545 | Elf:1    | Entered Level 1 of the Elven Halls
 21863 | Elf:1    | Found a radiant altar of Vehumet.
 21873 | Elf:1    | Noticed an acid blob
 21884 | Elf:1    | Reached XP level 15. HP: 141/141 MP: 14/14
 21886 | Elf:1    | Noticed an iron dragon
 21894 | Elf:1    | Noticed a fenstrider witch
 21894 | Elf:1    | an iron dragon changed into a fenstrider witch
 21896 | Elf:1    | Noticed a shadow dragon
 21896 | Elf:1    | a shadow dragon changed into a stone giant
 21900 | Elf:1    | Noticed a fire giant
 21900 | Elf:1    | a stone giant changed into a fire giant
 21903 | Elf:1    | a fire giant changed into an alligator snapping turtle
 21904 | Elf:1    | Noticed a fire giant
 21904 | Elf:1    | an alligator snapping turtle changed into a fire giant
 21906 | Elf:1    | Noticed a fenstrider witch
 21906 | Elf:1    | a fire giant changed into a fenstrider witch
 21907 | Elf:1    | Noticed a fire giant
 21907 | Elf:1    | a fenstrider witch changed into a fire giant
 21909 | Elf:1    | a fire giant changed into an alligator snapping turtle
 22193 | Elf:1    | Found Qios's Magic Scroll Shoppe.
 22308 | Elf:1    | Bought a scroll of enchant armour for 142 gold pieces
 22308 | Elf:1    | Acquired a manual of Armour
 22651 | Elf:1    | Received a gift from Trog
 23294 | Elf:1    | Noticed a deep elf sorcerer
 23306 | Elf:1    | Killed a deep elf sorcerer
 23540 | Elf:2    | Noticed a deep elf sorcerer
 23645 | Elf:2    | Noticed Agnes
 24134 | Elf:1    | Killed Agnes
 24254 | Elf:2    | Found Tokkim's Assorted Antiques.
 24420 | Elf:2    | Killed a deep elf sorcerer
 24949 | Elf:2    | Found a runed translucent gate.
 24949 | Elf:2    | Found a runed translucent gate.
 24949 | Elf:2    | Found a runed translucent gate.
 25104 | Elf:2    | HP: 5/145 [deep elf zephyrmancer/bolt of lightning (22)]
 25110 | Elf:2    | Reached skill level 21 in Axes
 25279 | Elf:2    | Reached XP level 16. HP: 152/152 MP: 15/15
 25337 | Elf:2    | Noticed a deep elf blademaster
 25347 | Elf:2    | Killed a deep elf blademaster
 26024 | Elf:3    | Entered Level 3 of the Elven Halls
 26026 | Elf:3    | Found a shimmering blue altar of Sif Muna.
 26073 | Elf:3    | Found Ceyheotets's Weapon Shoppe.
 26938 | Elf:3    | Noticed a deep elf master archer
 26953 | Elf:3    | Killed a deep elf master archer
 27575 | Elf:3    | Identified the +7 hand axe of Cataclysm {vorpal, rPois}
 27636 | Elf:3    | Identified the +9 great mace "Kaetas" {vorpal, Will+
                  | Stlth+}
 27660 | Elf:3    | Noticed a deep elf blademaster
 27675 | Elf:3    | Noticed an Ice Fiend
 27680 | Elf:3    | Killed a deep elf blademaster
 27840 | Elf:3    | Identified the +7 whip of the Demagogue {vorpal, Stlth+}
 27840 | Elf:3    | Identified the ring "Ceutuob" {Contam rElec rN+ rCorr
                  | Str+5}
 27877 | Elf:3    | Noticed a Hell Sentinel
 27886 | Elf:3    | Noticed a Brimstone Fiend
 27933 | Elf:3    | Reached XP level 17. HP: 60/163 MP: 16/16
 28120 | Elf:3    | Identified the +9 fustibalus of Iconoclasm {flame, rN+}
 28131 | Elf:3    | Found the +9 heavy crossbow "Sniper" {vorpal, Acc+∞ SInv}
 28596 | Lair:1   | Identified the +1 leather armour of Boredom {rN+ Int-3
                  | SInv}
 28913 | Spider:1 | You fall into a shaft and drop 1 floor!
 28984 | Spider:2 | Reached skill level 22 in Axes
 30405 | Spider:3 | Acquired a manual of Evocations
 31406 | Spider:4 | Entered Level 4 of the Spider Nest
 31865 | Spider:4 | Noticed Arachne
 31876 | Spider:4 | Killed Arachne
 31933 | Spider:4 | Reached skill level 23 in Axes
 31933 | Spider:4 | Reached XP level 18. HP: 174/174 MP: 5/17
 31935 | Spider:4 | Reached ****** piety under Trog
 32432 | Spider:4 | Received a gift from Trog
 32507 | Spider:4 | Got a gossamer rune of Zot
 32975 | Shoals:1 | Entered Level 1 of the Shoals
 33872 | Shoals:1 | Acquired the +0 pair of gloves of Time Monsters {rN++ Str+3
                  | Stlth-}
 34070 | Shoals:2 | Received a gift from Trog
 34098 | Shoals:2 | HP: 6/264 [snapping turtle (17)]
 34099 | Shoals:2 | HP: 1/264 [snapping turtle (6)]
 34943 | Shoals:3 | Reached skill level 24 in Axes
 35087 | Shoals:3 | Found a frozen archway.
 35127 | IceCv    | Entered an ice cave
 35628 | IceCv    | Annihilated by a caustic shrike simulacrum

Illustrated notes

Levels and vault maps discovered:
D:1:      dpeg_arrival_renting, layout_basic, serial_curves, eino_curves_04,
          eino_curves_02, eino_curves_02
D:2:      minmay_inner_zag, layout_basic, ebering_ecumenical_altar_abandoned,
          uniq_sigmund
D:3:      layout_rooms, nemelex_dance_club_becter, cheibrodos_ashenzari_chains
D:4:      minmay_wonky_spiral, layout_basic, tgw_kikubaaqudgha
D:5:      layout_basic, nicolae_ossuary_entry_monument
D:6:      layout_loops_ring, elyvilon_altar_4, zin_angel,
          minmay_temple_entry_poolview, serial_shops, kennysheep_mini_moat,
          serial_bayou_pond_a
D:7:      layout_cave_pools
D:8:      layout_cave_pools, amethyst_overflow_temple_binary,
          gammafunk_ghost_nasty_kobolds, chequers_jeans, uniq_erica
D:9:      layout_basic, mainiacjoe_overflow_brackets, minmay_lizard_king,
          uniq_harold
D:10:     layout_gridville, serial_shops, shop_fountains, uniq_maggie
D:11:     layout_irregular_city, lair_entry_dummy,
          minmay_orc_entry_temple_large, lightli_fourway_metalbox
D:12:     nrook_guardian_serpent_snake_passage, layout_loops_ring, special_room
          [special_room_bee], serial_shops, kennysheep_mini, roderic_batcave,
          worldfamousw_hep_ancestral_shrine, uniq_erolcha
Temple:   nicolae_temple_great_sept
Lair:1:   layout_chaotic_city, grunt_megastairs_5
Lair:2:   layout_long_grid, grunt_megastairs_2, infiniplex_staircase_pool
Lair:3:   layout_gridlike, spider_nest_entry_funnel_web, basic_altar,
          grunt_megastairs_1
Lair:4:   layout_gridlike, shoals_dummy_entry, enter_volcano_3
Lair:5:   layout_misc_corridors
Lair:6:   guppyfry_lair_end_dragon, layout_misc_corridors, slime_altar_1,
          gammafunk_ghost_hive, basic_altar, grunt_megastairs_3
Shoals:1: layout_shoals
Shoals:2: layout_shoals
Shoals:3: layout_shoals, portal_ice_cave_entry_ugly_swarm,
          gammafunk_ghost_necromancy, nicolae_shoals_kraken_party
Spider:1: layout_spider_delve, nicolae_spider_bzzzt
Spider:2: layout_spider_delve
Spider:3: layout_spider_delve, drop_trap
Spider:4: johnstein_spider_rune_arachne_lair
Orc:1:    layout_diamond_mine
Orc:2:    st_orc_rangers, layout_diamond_mine, basic_altar,
          gauntlet_entry_generic, abandoned_shop
Elf:1:    eino_elf_arrival_altar, layout_gridlike, minmay_elf_sorcery,
          serial_sigils_hangedman_shear, minmay_shop_star
Elf:2:    nicolae_elf_blades_splatter_lattice [nicolae_blade_bullseye],
          layout_geoelf_diagonals, serial_shops, nicolae_shop_stone,
          nrook_loot_triangle, billiards_dpeg, uniq_agnes
Elf:3:    minmay_elf_hall_curves, layout_gridlike, basic_altar, serial_shops,
          shop
IceCv:    ice_cave_statue_garden_chambered

Skill      XL: |  1  2  3  4  5  6  7  8  9 10 11 12 13 14 15 16 17 18 |
---------------+-------------------------------------------------------+-----
Fighting       | 4 5 6 7 8 12 13 14 15 16 17 18 19 | 19.7
Axes           | 4 5 6 7 9 10 13 14 15 17 19 20 21 23 24 | 24.2
Dodging        | 3 4 |  4.5
Armour         | 3 4 6 7 9 11 13 16 20 21 22 23 | 23.4

Action                   |  1- 3 |  4- 6 |  7- 9 | 10-12 | 13-15 | 16-18 || total
-------------------------+-------+-------+-------+-------+-------+-------++-------
Melee: Hand axe          |    69 |    83 |   165 |    12 |       |       ||   329
       Headbutt          |    10 |    13 |    38 |   102 |   160 |   186 ||   509
       War axe           |       |       |       |   234 |   153 |       ||   387
       Battleaxe         |       |       |       |   197 |   400 |   241 ||   838
       Broad axe         |       |       |       |       |   229 |       ||   229
       Executioner's axe |       |       |       |       |    54 |   557 ||   611
Invok: Berserk           |     1 |     2 |       |     3 |     4 |     6 ||    16
       Trog's Hand       |       |     1 |       |     2 |     1 |     6 ||    10
       Brothers in Arms  |       |       |       |     4 |     8 |     8 ||    20
 Abil: Evoke Blink       |       |       |       |       |       |     1 ||     1
  Use: Scroll            |     3 |     3 |     7 |     5 |     9 |    12 ||    39
       Potion            |       |       |     4 |     5 |     6 |    17 ||    32
 Stab: Sleeping          |       |     2 |       |       |       |       ||     2
       Invisible         |       |       |       |       |       |     6 ||     6
Armor: Animal skin       |    10 |     6 |       |       |       |       ||    16
       Plate armour      |       |    59 |    95 |   357 |   677 |   994 ||  2182
       Swamp dragon scal |       |       |       |    32 |       |       ||    32
Dodge: Dodged            |    42 |    56 |    65 |   259 |   415 |   561 ||  1398

Table legend: (Time is in decaauts)
 A = Elapsed time spent in this place.
 B = Non-inter-level travel time spent in this place.
 C = Inter-level travel time spent in this place.
 D = Time resting spent in this place.
 E = Time spent auto-exploring this place.
 F = Levels seen in this place.
 G = Mean time per level.
                   A        B        C        D        E       F      G
               +--------+--------+--------+--------+--------+-----+--------+
         Total |  35517 |  33600 |   1917 |   7769 |  17372 |  34 | 1044.6 |
       Dungeon |  12707 |  12026 |    681 |   1494 |   8402 |  12 | 1058.9 |
        Temple |     82 |     82 |      0 |      0 |     58 |   1 |   82.0 |
          Lair |   5954 |   5470 |    484 |    907 |   3477 |   6 |  992.3 |
        Shoals |   2250 |   2200 |     50 |    592 |    879 |   3 |  750.0 |
   Spider Nest |   4272 |   4144 |    128 |    821 |   2193 |   4 | 1068.0 |
  Orcish Mines |   1694 |   1560 |    134 |    437 |    544 |   2 |  847.0 |
   Elven Halls |   6873 |   6434 |    439 |   2703 |   1618 |   3 | 2291.0 |
      Ice Cave |    492 |    492 |      0 |    385 |      0 |   1 |  492.0 |
       Volcano |    518 |    518 |      0 |    302 |      0 |   1 |  518.0 |
      Gauntlet |    671 |    671 |      0 |    126 |    200 |   1 |  671.0 |
               +--------+--------+--------+--------+--------+-----+--------+

Top non-repeatable levels by time:
   Elf:1: 2638 daAuts
   Elf:3: 2157 daAuts
   Elf:2: 2077 daAuts
  Lair:3: 1771 daAuts
     D:2: 1638 daAuts
    D:11: 1488 daAuts
Spider:3: 1409 daAuts
   Orc:2: 1228 daAuts
     D:7: 1226 daAuts
     D:5: 1207 daAuts
  Lair:6: 1179 daAuts
Spider:4: 1160 daAuts
Shoals:1: 1123 daAuts
     D:8: 1114 daAuts
    D:12: 1005 daAuts
